Map: Magannatha LE

Players

Serral - Winner!

  • Race: Zerg Zerg
  • League: Master
  • Spawn Location: 11:00

ShoWTimE

  • Race: Protoss Protoss
  • League: Grandmaster
  • Spawn Location: 5:00

VOD

Have the link to the VOD?

Description

Time

  • Played on: June 7, 2025, 7:55 a.m.
  • Length: 14:46
Show
View Real Time Build Order
Export as new Build Order

Serral Zerg - Winner!

Build Orders: Hatch First 

Get SALT Encoding   

  12  0:00  Drone  
  13  0:07  Drone  
  13  0:13  Extractor  
  13  0:14  Drone  
  15  0:21  Overlord  
  15  0:43  Drone  
  15  0:45  Hatchery  
  15  0:49  Drone  
  16  0:52  Drone  
  16  0:56  Drone  
  18  1:07  Extractor  
  17  1:12  Spawning Pool  
  17  1:15  Drone  
  17  1:17  Drone  
  18  1:26  Drone  
  19  1:37  Drone  
  20  1:49  Drone  
  21  1:58  Queen x2  
  21  1:59  Zergling x2  
  21  2:00  Overlord  
  26  2:09  Drone x2  
  26  2:12  Metabolic Boost  
  28  2:20  Drone x2  
  31  2:30  Drone x2  
  31  2:34  Queen  
  34  2:43  Hatchery  
  33  2:47  Overlord  
  33  2:49  Drone  
  34  2:51  Drone  
  34  2:53  Drone  
  36  3:02  Overlord  
  36  3:07  Drone x4  
  36  3:12  Drone x2  
  42  3:13  Drone  
  43  3:20  Queen, Spore Crawler  
  43  3:24  Drone  
  45  3:27  Queen  
  45  3:32  Drone  
  48  3:35  Spore Crawler  
  48  3:36  Overlord  
  48  3:39  Zergling x4  
  49  3:42  Zergling x2  
  49  3:43  Zergling x2  
  49  3:46  Zergling x2  
  52  3:50  Overlord  
  52  3:53  Evolution Chamber  
  52  3:54  Drone x3  
  54  3:56  Drone  
  54  3:58  Drone  
  54  4:01  Drone  
  57  4:03  Drone  
  57  4:05  Drone  
  57  4:09  Drone  
  60  4:14  Overlord  
  60  4:15  Drone  
  60  4:17  Spore Crawler, Extractor  
  59  4:18  Drone x3  
  59  4:20  Drone  
  59  4:22  Zerg Melee Weapons Level 1  
  59  4:23  Drone  
  59  4:24  Drone  
  65  4:27  Drone x2  
  65  4:29  Overlord  
  67  4:35  Zergling x2  
  69  4:38  Drone  
  69  4:39  Roach Warren  
  69  4:42  Lair  
  69  4:44  Zergling x2  
  69  4:45  Drone x3  
  72  4:46  Drone  
  72  4:52  Drone x3, Spore Crawler  
  75  4:56  Extractor x2  
  74  5:00  Drone x5  
  78  5:07  Hatchery  
  78  5:08  Overlord  
  78  5:12  Drone  
  78  5:13  Drone x2  
  80  5:16  Overlord  
  80  5:18  Zergling x4  
  80  5:19  Extractor  
  81  5:24  Zergling x2  
  81  5:26  Overlord, Queen  
  84  5:28  Zergling x6  
  84  5:29  Extractor  
  84  5:31  Zergling x6  
  84  5:34  Zergling x2  
  84  5:35  Zergling x4  
  91  5:39  Zergling x2  
  92  5:45  Zergling x8  
  96  5:51  Extractor  
  96  5:52  Overlord, Glial Reconstitution, Spire  
  96  5:54  Zergling x8  
  99  5:57  Zergling x4  
  99  6:06  Zergling x6  
  100  6:12  Zergling x4  
  100  6:16  Zerg Melee Weapons Level 2  
  100  6:20  Zergling x18  
  100  6:24  Drone  
  100  6:29  Drone  
  100  6:30  Drone x2  
  100  6:35  Drone  
  100  6:39  Drone x2, Overlord  
  102  6:40  Drone  
  102  6:42  Drone x2  
  105  6:47  Overlord  
  105  6:51  Drone  
  105  6:52  Overseer  
  106  6:55  Extractor  
  106  6:58  Extractor  
  103  7:02  Drone x4  
  103  7:04  Overlord, Mutalisk x8  
  103  7:07  Zerg Flyer Weapons Level 1  
  123  7:14  Hatchery  
  122  7:18  Drone x4  
  125  7:22  Mutalisk  
  125  7:23  Mutalisk x2  
  125  7:29  Drone x2  
  132  7:30  Drone, Mutalisk  
  132  7:31  Zergling x4  
  132  7:34  Overlord  
  136  7:37  Overlord  
  136  7:39  Mutalisk x2  
  139  7:46  Overlord x2  
  139  7:49  Mutalisk x2  
  143  7:57  Mutalisk x2  
  147  8:00  Drone x7  
  147  8:01  Drone  
  155  8:06  Overlord x2  
  155  8:08  Overlord  
  155  8:09  Extractor  
  155  8:10  Extractor, Mutalisk x2  
  157  8:16  Overlord  
  157  8:19  Drone  
  158  8:22  Mutalisk  
  158  8:23  Mutalisk x3  
  166  8:29  Mutalisk  
  166  8:33  Zergling x2, Mutalisk  
  166  8:34  Zergling x12  
  177  8:40  Mutalisk x2  
  181  8:41  Zergling x8  
  181  8:48  Hatchery  
  183  9:00  Mutalisk x5  
  189  9:03  Zergling x12  
  188  9:17  Zerg Flyer Weapons Level 2  
  188  9:19  Zergling x2, Mutalisk x4  
  188  9:20  Zergling x6  
  194  9:40  Zerg Ground Armor Level 1  
  192  9:50  Mutalisk x5  
  196  10:00  Drone x2  
  196  10:01  Drone  
  196  10:02  Extractor x2  
  196  10:06  Infestation Pit  
  195  10:21  Mutalisk x8  
  199  10:28  Drone  
  193  10:35  Mutalisk x2  
  193  10:36  Mutalisk  
  199  10:44  Pneumatized Carapace  
  199  10:49  Hive  
  199  10:51  Drone  
  200  11:00  Hatchery  
  185  11:09  Mutalisk x9  
  185  11:10  Zergling x2  
  185  11:11  Zergling x30  
  199  11:18  Mutalisk x2  
  192  11:33  Mutalisk x3, Zerg Flyer Armor Level 1  
  192  11:34  Mutalisk x2  
  192  11:37  Zerg Ground Armor Level 2  
  190  11:50  Drone x2  
  183  12:06  Mutalisk x6, Adrenal Glands  
  183  12:07  Ultralisk Cavern, Zergling x40  
  198  12:24  Zergling x2  
  179  12:38  Corruptor x8  
  179  12:57  Chitinous Plating  
  168  13:02  Zergling x8  
  166  13:11  Ultralisk x5  
  181  13:20  Ultralisk  
  187  13:27  Ultralisk x2  
  195  13:43  Ultralisk  
  185  14:03  Ultralisk x2  
  185  14:06  Ultralisk x2  
Show
View Real Time Build Order
Export as new Build Order

ShoWTimE Protoss 

Build Orders: 1 Gate Expand, Oracle Opening 

Get SALT Encoding   

  12  0:00  Probe  
  13  0:12  Probe  
  14  0:17  Pylon  
  14  0:24  Probe  
  14  0:27  Assimilator  
  15  0:32  Probe  
  15  0:40  Probe  
  16  0:46  Gateway  
  17  0:50  Probe  
  18  1:03  Probe  
  19  1:15  Probe  
  20  1:22  Nexus  
  20  1:27  Probe  
  21  1:34  Cybernetics Core  
  21  1:40  Assimilator  
  21  1:43  Probe  
  22  1:49  Pylon  
  22  1:55  Probe  
  23  2:05  Probe  
  24  2:10  Adept  
  24  2:12  Stargate  
  24  2:13  Probe  
  26  2:18  Warp Gate  
  26  2:22  Probe  
  28  2:30  Probe  
  28  2:34  Probe  
  30  2:38  Probe  
  30  2:40  Adept  
  33  2:45  Oracle  
  33  2:46  Probe  
  33  2:48  Probe  
  39  2:58  Probe  
  39  3:00  Probe  
  39  3:02  Pylon  
  40  3:10  Probe  
  40  3:12  Oracle, Probe  
  42  3:22  Probe  
  42  3:24  Probe  
  47  3:31  Nexus  
  47  3:35  Pylon  
  47  3:37  Probe  
  47  3:39  Probe  
  49  3:44  Gateway  
  49  3:49  Probe  
  49  3:53  Probe  
  49  3:54  Twilight Council  
  51  4:00  Assimilator  
  51  4:02  Probe, Assimilator  
  52  4:04  Blink  
  52  4:05  Probe  
  52  4:06  Adept  
  55  4:12  Gateway  
  55  4:14  Gateway  
  55  4:16  Probe  
  56  4:20  Probe  
  57  4:26  Forge  
  57  4:28  Stalker  
  57  4:29  Probe  
  60  4:32  Pylon  
  60  4:35  Probe  
  61  4:39  Probe  
  61  4:42  Probe  
  63  4:47  Probe x2  
  65  4:54  Probe  
  65  4:57  Probe  
  65  4:59  Protoss Ground Weapons Level 1, Probe  
  68  5:04  Stalker x2  
  68  5:07  Probe  
  73  5:08  Stalker  
  73  5:09  Probe  
  73  5:11  Stalker  
  73  5:13  Probe  
  79  5:18  Pylon  
  79  5:19  Probe  
  81  5:21  Probe  
  81  5:22  Pylon  
  81  5:25  Probe  
  82  5:31  Probe, Stalker  
  85  5:36  Pylon  
  85  5:37  Stalker x2  
  85  5:40  Stalker  
  91  5:43  Probe  
  91  5:45  Probe  
  91  5:46  Probe  
  94  5:53  Templar Archives  
  94  5:55  Probe  
  95  5:57  Probe  
  95  5:58  Probe, Gateway  
  95  5:59  Gateway  
  95  6:03  Charge  
  97  6:09  Probe  
  98  6:11  Robotics Facility  
  98  6:13  Pylon  
  98  6:14  Gateway  
  98  6:16  Assimilator x2  
  98  6:17  Gateway  
  92  6:27  Stalker x4  
  92  6:28  Psionic Storm  
  96  6:38  Photon Cannon  
  96  6:46  Gateway  
  96  6:47  Gateway  
  96  6:49  Photon Cannon  
  96  6:53  Protoss Ground Weapons Level 2, High Templar x2  
  100  6:54  Warp Prism  
  100  7:00  Gateway  
  100  7:01  Gateway  
  100  7:07  Photon Cannon  
  102  7:09  Zealot  
  102  7:10  Zealot x2  
  102  7:13  Pylon, Zealot  
  102  7:14  Zealot  
  109  7:25  Nexus, Phoenix  
  109  7:34  Photon Cannon  
  109  7:35  High Templar x2  
  115  7:46  Phoenix, Stalker x4  
  125  7:51  Photon Cannon  
  125  8:06  Pylon  
  125  8:07  Pylon  
  125  8:09  Photon Cannon  
  125  8:10  Pylon  
  125  8:13  Photon Cannon  
  125  8:15  Assimilator  
  125  8:19  Assimilator  
  125  8:23  Pylon  
  125  8:24  Phoenix, Probe x2  
  129  8:32  High Templar x4  
  137  8:36  Shield Battery, Archon x2  
  137  8:40  Shield Battery  
  137  8:42  Probe  
  137  8:43  Probe  
  137  8:44  Probe x2  
  141  8:53  Stalker x3  
  141  8:54  Probe, Stalker x4  
  156  8:56  Phoenix  
  158  9:05  Pylon x2, Probe  
  158  9:08  Zealot x2  
  163  9:15  Photon Cannon  
  163  9:16  Phoenix  
  163  9:17  Photon Cannon  
  163  9:20  Photon Cannon  
  163  9:22  Gateway  
  165  9:32  Probe x3  
  165  9:37  Gateway  
  162  9:39  Photon Cannon  
  162  9:40  Stalker x2  
  162  9:41  Photon Cannon  
  154  9:49  Protoss Ground Weapons Level 3  
  154  9:52  Phoenix  
  147  9:58  Probe x3  
  147  10:00  Stalker x3  
  153  10:11  Phoenix, Probe, Fleet Beacon  
  153  10:12  Probe  
  153  10:13  Probe  
  156  10:16  Probe  
  140  10:29  Stalker x3  
  140  10:33  Phoenix  
  142  10:37  Stalker x3  
  142  10:41  High Templar x2  
  154  10:43  Gateway  
  154  10:45  Archon  
  154  10:46  High Templar x2  
  158  10:50  Probe x2  
  158  10:51  Phoenix  
  158  10:52  Archon  
  158  10:54  Pylon  
  154  11:05  Stalker x2  
  154  11:10  Zealot  
  154  11:11  Zealot x3  
  146  11:13  High Templar  
  146  11:14  Anion Pulse-Crystals  
  146  11:15  Zealot x2  
  146  11:16  Phoenix  
  152  11:22  Probe x2  
  154  11:26  Zealot x3  
  160  11:33  Probe  
  149  11:41  Phoenix  
  149  11:43  Probe x2  
  149  11:44  Stargate  
  153  11:54  Zealot x2  
  153  11:55  Zealot  
  153  11:58  Zealot x4  
  160  12:02  Phoenix  
  160  12:05  Probe  
  160  12:07  Probe  
  157  12:10  Pylon  
  157  12:11  Assimilator  
  157  12:14  Pylon, Probe  
  158  12:16  Pylon  
  158  12:20  Immortal  
  158  12:21  Phoenix  
  162  12:22  Pylon  
  156  12:30  Stalker x2, High Templar  
  156  12:36  Protoss Shields Level 1  
  156  12:37  Probe x4  
  136  12:43  Phoenix  
  139  12:44  Phoenix  
  139  12:49  Probe x3  
  139  12:50  Probe  
  145  12:51  Zealot x5  
  148  12:59  Observer  
  148  13:01  Probe x3  
  148  13:02  Probe  
  153  13:08  Phoenix  
  155  13:13  Probe x2  
  155  13:14  Probe x2  
  155  13:17  High Templar x2  
  163  13:22  Archon  
  163  13:25  Probe x2  
  166  13:31  Observer  
  164  13:36  Zealot x7  
  164  13:37  Sentry  
  179  13:46  Phoenix  
  179  13:56  Pylon  
  179  13:57  Pylon  
  167  14:11  High Templar  
  167  14:12  Zealot x4, High Templar  
  165  14:21  Archon, Zealot x3  
  159  14:27  Stalker x2  
Tags
 
Add a new tag
Caveats
  • Supply blocks, unpowered buildings, or Contaminate may cause inaccurate times.
  • Supply counts are checked every 10 seconds.